[Event "*** Titled Tuesday Blitz"]
[Site "Chess.com"]
[Date "2018.05.01"]
[Round "8"]
[White "BlackBoarder"]
[Black "AndrewDGreen"]
[Result "1/2-1/2"]
[WhiteElo "2220"]
[BlackElo "2169"]
[TimeControl "180+2"]
[EndTime "14:50:25 PDT"]
[Termination "Game drawn by repetition"]

1. e4 c5 2. Nf3 g6 3. c3 d5 4. exd5 Qxd5 5. d4 Bg7 6. Be3 cxd4 7. Bxd4 Nf6 8. Nbd2 O-O 9. Bc4 Qa5 10. O-O Rd8 11.
Qe2 Nc6 12. Nb3 Qc7 13. Be3 Bg4 14. Nbd2 Rac8 15. Bb3 Ne5 16. h3 Bf5 17. Nxe5 Qxe5 18. Nf3 Qa5 19. Rfd1 h6 20. Rxd8+ Rxd8 21. Rd1 a6 22.
Rxd8+ Qxd8 23. Nd4 Be4 24. Bf4 Bd5 25. Bg3 Ne4 26. Nf3 Nxg3 27. fxg3 e6 28. Kh2 Bxb3 29. axb3 Qd5 30. b4 Kh7 31. Qe3 b5 32. Qb6 Qa2 33.
h4 Qxb2 34. Qxa6 Qe2 35. Qc6 Qd3 36. h5 Qf5 37. hxg6+ fxg6 38. Nd4 Qh5+ 39. Kg1 Qd1+ 40. Kh2 Bxd4 41. cxd4 Qxd4 42. Qxb5 h5 43. Qb7+ Kh6 44. b5 h4 45. b6 Qf2 46. gxh4 Qxh4+ 47. Kg1 Qe1+ 48. Kh2 Qh4+ 49. Kg1 Qe1+ 50. Kh2 Qh4+ 51. Kg1 1/2-1/2

[Event "*** Titled Tuesday Blitz"]
[Site "Chess.com"]
[Date "2018.05.01"]
[Round "8"]
[White "Alohamora11"]
[Black "Caterpiller35"]
[Result "0-1"]
[WhiteElo "2119"]
[BlackElo "2228"]
[TimeControl "180+2"]
[EndTime "14:50:27 PDT"]
[Termination "Caterpiller35 won by resignation"]

1. e4 c5 2. Nf3 g6 3. d4 cxd4 4. Nxd4 Bg7 5. c4 Nc6 6. Be3 Nf6 7. Nc3 O-O 8. Be2 d6 9. Qd2 Bd7 10. O-O Nxd4 11. Bxd4 Bc6 12. Bd3 a5 13. Rae1 Nd7 14. Bxg7 Kxg7 15. Re3 a4 16. Rh3 h5 17.
Rxh5 Rh8 18. Rxh8 Qxh8 19. Qg5 f6 20. Qg3 Qh5 21. f4 a3 22. b4 b6 23. Nd5 e6 24. Ne7 Bb7 25. e5 f5 26. exd6 Kf7 27. Re1 Nf6 28. b5 Rd8 29. Be2 Qh6 30. Bf3 Bxf3 31.
Qxf3 Rxd6 32. Nc8 Rd2 33. Nxb6 Ne4 34. Rd1 Qh4 35. g3 Qxh2+ 36. Kf1 Nxg3+ 37. Qxg3 Rxd1+ 38. Qe1 Qxf4+ 39. Ke2 Rxe1+ 40. Kxe1 Qe3+ 0-1

[Event "*** Titled Tuesday Blitz"]
[Site "Chess.com"]
[Date "2018.05.01"]
[Round "8"]
[White "AnishGiri"]
[Black "igorkovalenko"]
[Result "1-0"]
[WhiteElo "2844"]
[BlackElo "2732"]
[TimeControl "180+2"]
[EndTime "14:50:31 PDT"]
[Termination "AnishGiri won by resignation"]

1. e4 d5 2. exd5 Qxd5 3. Nc3 Qd6 4. d4 Nf6 5. Nf3 Bg4 6. h3 Bh5 7. g4 Bg6 8. Ne5 Nbd7 9. Bf4 Nxe5 10. Bxe5 Qb6 11.
Nb5 Nd5 12. c4 a6 13. cxd5 axb5 14. Bg2 f6 15. Bg3 e5 16. O-O Qxd4 17. Qxd4 exd4 18.
Bxc7 Kd7 19. Bb6 d3 20. Rfd1 Bd6 21. Bf1 Be5 22. Bxd3 Bxb2 23. Rab1 Bxd3 24. Rxd3 Rxa2 25. Rb3 Be5 26. Rxb5 Rb8 27. Be3 Kc7 28. Kg2 g6 29. Kf3 Ra4 30. Rb6 Bd6 31. Rc1+ Kd7 32. h4 Ra5 33. Rxd6+ Kxd6 34. Bf4+ Kxd5 35. Bxb8 Ra3+ 36. Kg2 b5 37. Rd1+ Kc4 38. g5 fxg5 39. hxg5 b4 40.
Rd7 b3 41. Be5 Ra5 42. f4 Rb5 43. Bb2 Rd5 44. Rxd5 Kxd5 45. Kf3 Ke6 46. Ke4 Kf7 47. Ke5 Ke7 48. Kd5 Kf7 49. Bc3 Ke7 50. Kc4 Ke6 51.
Kxb3 Kf5 52. Bd2 1-0

[Event "*** Titled Tuesday Blitz"]
[Site "Chess.com"]
[Date "2018.05.01"]
[Round "8"]
[White "DrZeiss"]
[Black "Jbd735"]
[Result "1/2-1/2"]
[WhiteElo "2229"]
[BlackElo "2352"]
[TimeControl "180+2"]
[EndTime "14:50:32 PDT"]
[Termination "Game drawn by agreement"]

1. e4 e5 2. Nf3 Nc6 3. Bb5 a6 4. Ba4 Nf6 5. O-O Be7 6. Re1 b5 7. Bb3 d6 8. c3 O-O 9. h3 Na5 10. Bc2 c5 11. d3 Re8 12. Nbd2 Bf8 13. Nf1 h6 14. Ng3 Bb7 15. Bd2 Nc6 16. a4 d5 17.
Qe2 Qd7 18. Red1 Rad8 19. Nh2 Qc8 20. Qf3 Qe6 21. Nf5 c4 22. Ng4 Nxg4 23. hxg4 cxd3 24. Bxd3 Ne7 25. axb5 dxe4 26. Bxe4 Bxe4 27. Qxe4 axb5 28. Be3 Nxf5 29. gxf5 Rxd1+ 30. Rxd1 Qb3 31. Rd2 b4 32. cxb4 Qxb4 33. Qc6 Rb8 34. Qd7 Qb5 35. f6 Qxd7 36.
Rxd7 Rxb2 37. Rd8 Rb1+ 38. Kh2 Rb5 39. fxg7 Kxg7 40. Bxh6+ Kxh6 41. Rxf8 Kg7 42. Rd8 f6 43. f3 Rb2 44. Kh3 Kg6 45. Rf8 Rb7 46. Rg8+ Kf7 47. Rc8 Rb4 48. Kg3 Kg6 49. Rc6 Kf5 50. Ra6 Rc4 51.
Rb6 Ra4 52. Rc6 1/2-1/2

[Event "*** Titled Tuesday Blitz"]
[Site "Chess.com"]
[Date "2018.05.01"]
[Round "8"]
[White "bangchess21"]
[Black "DrVelja"]
[Result "0-1"]
[WhiteElo "2502"]
[BlackElo "2540"]
[TimeControl "180+2"]
[EndTime "14:50:34 PDT"]
[Termination "DrVelja won by resignation"]

1. e4 c5 2. Nf3 d6 3. d4 cxd4 4.
Nxd4 Nf6 5. Nc3 a6 6. Be3 e6 7.
Be2 Be7 8. f4 Qc7 9. g4 b5 10.
g5 Nfd7 11. a3 Bb7 12. Qd2 Nc6 13. O-O Nxd4 14. Qxd4 e5 15. Qd2 exf4 16. Bxf4 O-O 17. Rad1 Ne5 18. Be3 f6 19. Nd5 Bxd5 20. Qxd5+ Kh8 21.
gxf6 Bxf6 22. c3 Rae8 23. Qxd6 Qf7 24. Kh1 Qg6 25. Rf5 Qf7 26. Bd4 Rd8 27. Qxa6 Qb3 28. Qxb5 Qc2 29. Rf2 Qxe4+ 30. Kg1 Ng4 31. Rf3 Rfe8 32.
Rd2 Bg5 33. Qd3 Bxd2 34. Qxe4 Rxe4 35. Bd3 Re7 36. h3 Ne5 37. Rg3 Nxd3 38. Rxd3 Bg5 39. a4 Rb7 40. b4 Bf6 41. b5 Bxd4+ 42. cxd4 Rbd7 43. b6 Rxd4 44. Rxd4 Rxd4 45. b7 Rb4 46.
a5 Rxb7 0-1

[Event "*** Titled Tuesday Blitz"]
[Site "Chess.com"]
[Date "2018.05.01"]
[Round "8"]
[White "AndrewMcStone"]
[Black "FearlessKing64"]
[Result "0-1"]
[WhiteElo "2030"]
[BlackElo "2163"]
[TimeControl "180+2"]
[EndTime "14:50:39 PDT"]
[Termination "FearlessKing64 won on time"]

1. d4 Nf6 2. c4 g6 3. Nc3 d5 4. cxd5 Nxd5 5. Bd2 Bg7 6. e4 Nb6 7. Be3 O-O 8. f4 f5 9. Qb3+ Kh8 10. e5 e6 11. Nf3 h6 12. O-O-O c6 13. h4 h5 14. Ng5 Nd5 15. Nxd5 cxd5 16. Kb1 Bd7 17. Bd3 Nc6 18. g4 Rc8 19. gxh5 gxh5 20. Rc1 Qe7 21. Qd1 Qe8 22. Be2 Qe7 23. Bxh5 Bh6 24. Be2 Be8 25. Bb5 Bg6 26.
Rc5 Na5 27. Qc2 Rxc5 28. Qxc5 Qxc5 29. dxc5 Bxg5 30. hxg5+ Kg7 31. Bd7 Nc4 32. Bd4 Bf7 33. Rh6 Rh8 34. Rf6 Nd2+ 35. Kc2 Ne4 36. Rxe6 Rh2+ 37.
Kb3 Nd2+ 38. Kb4 Bxe6 39. Bxe6 Nc4 40. Bxd5 Nxb2 41. Bxb7 Nd3+ 42. Kc4 Nxf4 43. c6 Ne6 44. Bc3 f4 45. Bc8 Nc7 0-1

[Event "*** Titled Tuesday Blitz"]
[Site "Chess.com"]
[Date "2018.05.01"]
[Round "8"]
[White "dolynachess"]
[Black "nihalsarin"]
[Result "0-1"]
[WhiteElo "2384"]
[BlackElo "2724"]
[TimeControl "180+2"]
[EndTime "14:50:41 PDT"]
[Termination "nihalsarin won by checkmate"]

1. d4 Nf6 2. c4 e6 3. g3 c5 4. Nf3 cxd4 5. Nxd4 d5 6. Bg2 e5 7. Nc2 d4 8. O-O Nc6 9. e3 d3 10. Ne1 e4 11. b3 Bc5 12. Bb2 O-O 13. Nd2 Bg4 14. Bxf6 Qxf6 15. Qxg4 Qxa1 16. Nxe4 f5 17. Qh3 fxe4 18. Nxd3 Qxf1+ 19. Bxf1 exd3 20. Bxd3 g6 21. Be4 Rad8 22. Qe6+ Kg7 23. Bxc6 bxc6 24. Qe5+ Kg8 25. Qxc5 Rd1+ 26. Kg2 Rd2 27. e4 Rxa2 28. h4 Re2 29. h5 gxh5 30. Qg5+ Kh8 31. Qe5+ Kg8 32.
Qg5+ Kh8 33. Qc5 Rf7 34. Qe5+ Kg8 35. Qe8+ Kg7 36. Qe5+ Kg6 37. Qe6+ Rf6 38. Qg8+ Kh6 39. g4 Rfxf2+ 40. Kg1 Rg2+ 41. Kf1 Rgf2+ 42. Kg1 Rg2+ 43. Kf1 hxg4 44. Qe6+ Kg5 45. Qxc6 Ref2+ 46. Ke1 Rb2 47. Qd5+ Kf4 48. Qd6+ Ke3 49. Kf1 Rbf2+ 50. Ke1 Rg1# 0-1

[Event "*** Titled Tuesday Blitz"]
[Site "Chess.com"]
[Date "2018.05.01"]
[Round "8"]
[White "sergiochess83"]
[Black "Indianlad"]
[Result "0-1"]
[WhiteElo "2782"]
[BlackElo "2662"]
[TimeControl "180+2"]
[EndTime "14:50:47 PDT"]
[Termination "Indianlad won on time"]

1. e4 e5 2. Nf3 Nc6 3. Bb5 a6 4. Ba4 d6 5. O-O Bd7 6. c4 Nge7 7. Nc3 g6 8. d4 exd4 9. Nxd4 Bg7 10. Nxc6 Bxc6 11.
Bg5 O-O 12. Bxc6 bxc6 13. Qd2 f6 14. Bh6 Bxh6 15. Qxh6 c5 16. f4 Nc6 17. Nd5 Nd4 18.
f5 g5 19. Rae1 c6 20. Ne3 Ra7 21. Ng4 Kh8 22. Re3 Rg7 23. Rf2 a5 24. b3 Rgf7 25. Rd2 Qe7 26. Kh1 Rb8 27. Rdd3 a4 28. h4 gxh4 29.
bxa4 Rg7 30. Qxh4 Rb1+ 31. Kh2 Rg5 32. a5 Qg7 33. Rg3 Ne2 34. Rxd6 Qc7 35. Rgd3 Nd4 36. e5 Nxf5 37. Qxg5 fxg5 38. Rd8+ Qxd8 39. Rxd8+ Kg7 40. a6 h5 41. Nf6 g4 42. Nxh5+ Kg6 43. Ng3 Nh4 44.
a7 Rb2 45. a8=Q Nf3+ 0-1

[Event "*** Titled Tuesday Blitz"]
[Site "Chess.com"]
[Date "2018.05.01"]
[Round "8"]
[White "JozefKneht"]
[Black "jk13"]
[Result "0-1"]
[WhiteElo "2382"]
[BlackElo "2531"]
[TimeControl "180+2"]
[EndTime "14:50:51 PDT"]
[Termination "jk13 won by resignation"]

1. e4 e5 2. Nf3 Nc6 3. Bb5 Nf6 4.
O-O Nxe4 5. d4 Nd6 6. Bxc6 dxc6 7. dxe5 Nf5 8. Qxd8+ Kxd8 9. Nc3 Bd7 10. h3 h6 11.
b3 a5 12. Bb2 Kc8 13. Rad1 Ne7 14. Nd4 c5 15. Ndb5 a4 16. bxa4 Nc6 17. Nd5 Rxa4 18.
Nd6+ Bxd6 19. exd6 Rxa2 20. Bxg7 Rg8 21. Ra1 Ra6 22.
Bxh6 Bxh3 23. Nf4 Bf5 24. Rxa6 bxa6 25. dxc7 Bxc2 26. Rc1 Nb4 27. f3 Kxc7 28. Nd5+ Nxd5 29. Rxc2 Kc6 30. Bd2 Kb5 31. Rb2+ Nb4 32. Kf2 a5 33. g4 a4 34. Rb1 a3 35. g5 Ka4 36. f4 a2 37. Rc1 Nc2 38. Bc3 Kb3 39. Be5 Nd4 40. Ke3 Rd8 41. Ke4 Kb2 42. Rxc5 a1=Q 43. Bxd4+ Rxd4+ 44. Kxd4 Kb3+ 45. Kd5 Qe1 46. f5 Qe3 47. g6 fxg6 48. fxg6 Qd3+ 49. Kc6 Qxg6+ 50. Kb7 Qd6 51. Rc6 Qd5 52. Kb6 Kb4 53. Rc7 Qd6+ 54. Rc6 Qb8+ 55. Ka6 Qb5+ 0-1

[Event "*** Titled Tuesday Blitz"]
[Site "Chess.com"]
[Date "2018.05.01"]
[Round "8"]
[White "gmjlh"]
[Black "Fandorine"]
[Result "1/2-1/2"]
[WhiteElo "2618"]
[BlackElo "2718"]
[TimeControl "180+2"]
[EndTime "14:50:58 PDT"]
[Termination "Game drawn by agreement"]

1. d4 Nf6 2. c4 g6 3. g3 Bg7 4. Bg2 O-O 5. Nf3 d6 6. O-O Nbd7 7. Nc3 c6 8. e4 e5 9. b3 exd4 10. Nxd4 Nc5 11. Bb2 Re8 12. Qc2 a5 13. Rfd1 Qb6 14. Rab1 Ng4 15. Nce2 a4 16. Bc3 axb3 17. axb3 Nf6 18. f3 d5 19. exd5 cxd5 20. b4 Na4 21. c5 Qa6 22. Ba1 Bf5 23. b5 Bxc2 24. bxa6 Bxd1 25.
axb7 Bxe2 26. bxa8=Q Rxa8 27. Nxe2 Nxc5 28. Nf4 h5 29.
Bxf6 Bxf6 30. Nxd5 Bd4+ 31. Kh1 Nd3 32. h4 Ra2 33. Nb4 Nf2+ 34. Kh2 Rd2 35. Rc1 Rb2 36. Nc6 Bb6 37. Ne5 Re2 38. Rc6 Bd4 39. Rc8+ Kg7 40.
Nc6 Bf6 41. Nb4 Nd1 42. Rc2 Re1 43. Nd5 Bd4 44. g4 Bg1+ 45. Kg3 hxg4 46. fxg4 Bd4 47. Bf3 Be5+ 48. Kg2 Nb2 49. Re2 Nd3 50. Rxe1 Nxe1+ 51. Kf2 Nd3+ 1/2-1/2

[Event "*** Titled Tuesday Blitz"]
[Site "Chess.com"]
[Date "2018.05.01"]
[Round "8"]
[White "FabianoCaruana"]
[Black "platy3"]
[Result "1-0"]
[WhiteElo "2816"]
[BlackElo "2683"]
[TimeControl "180+2"]
[EndTime "14:51:01 PDT"]
[Termination "FabianoCaruana won by resignation"]

1. e4 c5 2. Nf3 e6 3. d4 cxd4 4.
Nxd4 a6 5. Bd3 Qc7 6. O-O Nf6 7. Qe2 d6 8. c4 g6 9. Nc3 Bg7 10. Rd1 O-O 11. h3 Nc6 12. Be3 Nd7 13. Nf3 Bxc3 14.
bxc3 e5 15. Bc2 Nc5 16. Rd2 Be6 17. Rad1 Rad8 18. Ng5 Bc8 19. h4 f6 20. Nf3 Bg4 21. Rb1 Qe7 22. Rd5 Be6 23. Nd2 Rd7 24. Nb3 Nxb3 25.
axb3 Bxd5 26. cxd5 Nd8 27. c4 Nf7 28. b4 Rc8 29. Bd3 Rdc7 30. Bb6 Rd7 31. Qe3 f5 32. exf5 e4 33. Be2 gxf5 34. Qg3+ Kf8 35. Bd4 Ne5 36. c5 Qf6 37. Qf4 Re8 38. c6 Rg7 39. Rc1 b5 40. g3 Kg8 41. Kf1 Qf7 42. c7 Qd7 43.
Bxe5 dxe5 44. Qd2 Rc8 45. d6 Rg6 46. Qd5+ Re6 47. Rc6 Kg7 48. Qc5 Kf6 49. Rxa6 e3 50. Bxb5 Qg7 51. d7 e2+ 52. Kxe2 Rxa6 53. d8=Q+ 1-0

[Event "*** Titled Tuesday Blitz"]
[Site "Chess.com"]
[Date "2018.05.01"]
[Round "8"]
[White "Storne89"]
[Black "JoachimBN"]
[Result "1-0"]
[WhiteElo "2544"]
[BlackElo "2555"]
[TimeControl "180+2"]
[EndTime "14:51:06 PDT"]
[Termination "Storne89 won by resignation"]

1. e4 g6 2. d4 Bg7 3. Nc3 c6 4. Nf3 d5 5. h3 dxe4 6. Nxe4 Nf6 7. Nxf6+ exf6 8. Bc4 O-O 9. O-O Re8 10. a4 Be6 11.
Bxe6 Rxe6 12. a5 Na6 13. c3 Qd7 14. Bf4 Rae8 15. Qb3 Re4 16. Bd2 c5 17. Be3 Bf8 18. Rfd1 Qc7 19. dxc5 Bxc5 20. Bxc5 Nxc5 21. Qd5 Re2 22.
Rd2 Rxd2 23. Nxd2 Rd8 24. Qf3 Rxd2 25. Qxf6 Ne4 26. Qh4 f5 27. Re1 Rxb2 28. f3 Qc5+ 29. Kh1 g5 30. Qh6 Qf2 31. Qe6+ Kg7 32. Qe7+ Kg6 33.
Qe8+ Kh6 34. Qf8+ Kh5 35. Rg1 Ng3+ 36. Kh2 Nf1+ 37. Kh1 Ng3+ 38. Kh2 Nf1+ 39. Kh1 Qg3 40. Qf7+ Kh6 41. Qf8+ Kg6 42. Qg8+ Kf6 43. Qf8+ Ke6 44.
Qe8+ Kd6 45. Qd8+ Kc5 46. Qd4+ Kb5 47. Qd3+ Kxa5 48. Qxf1 Qf2 49. Qa1+ Ra2 50. Qb1 b5 51. Qxf5 h6 52. c4 Qb2 53. cxb5 Qxb5 54. Qf7 Rb2 55.
Qxa7+ Kb4 56. Qd4+ Kb3 57. Rd1 Qe2 58. Rd3+ Ka2 59. Qa4+ Kb1 60. Rd1+ 1-0

[Event "*** Titled Tuesday Blitz"]
[Site "Chess.com"]
[Date "2018.05.01"]
[Round "8"]
[White "FMJoseHerrera"]
[Black "Al_Shima"]
[Result "0-1"]
[WhiteElo "2414"]
[BlackElo "2416"]
[TimeControl "180+2"]
[EndTime "14:51:06 PDT"]
[Termination "Al_Shima won on time"]

1. Nf3 Nc6 2. g3 e5 3. Bg2 d5 4. O-O Be6 5. c4 dxc4 6. Qa4 Qd7 7. Na3 Bxa3 8. bxa3 Nge7 9. Bb2 f6 10. Rfd1 O-O 11.
d4 cxd3 12. Rxd3 Qe8 13. e3 Qf7 14. Nd2 Bxa2 15. Rxa2 Qxa2 16. Rb3 Rad8 17. Nf1 b6 18. h4 Na5 19. Rb5 c6 20. Rb4 c5 21. Rb5 Qc4 22. Rxa5 Qxa4 23. Rxa4 a5 24. h5 Kf7 25. Rc4 Ke6 26. Rc2 f5 27. Bc3 e4 28. Rb2 Nd5 29. Be1 c4 30. Rc2 b5 31. Bxa5 Ra8 32. Bb4 Nxb4 33. axb4 Ra4 34. Rb2 c3 35. Rc2 Rc8 36. g4 g6 37. hxg6 hxg6 38. gxf5+ gxf5 39. Ng3 Rc4 40. Bh3 Raxb4 41. Bxf5+ Ke5 42. Bxe4 Rb2 43. Rc1 b4 44. Bd3 Rc8 45. Kg2 b3 46. Ne2 c2 47.
Ra1 Ra2 48. Rh1 b2 49. Rh5+ Kf6 50. Rf5+ Ke7 51. Bxc2 Rxc2 52. Nd4 b1=Q 53. Re5+ Kd8 54. Ne6+ Kd7 55. Nd4 Rxf2+ 0-1

[Event "*** Titled Tuesday Blitz"]
[Site "Chess.com"]
[Date "2018.05.01"]
[Round "8"]
[White "Abund"]
[Black "Sven_Tica"]
[Result "0-1"]
[WhiteElo "2509"]
[BlackElo "2647"]
[TimeControl "180+2"]
[EndTime "14:51:15 PDT"]
[Termination "Sven_Tica won on time"]

1. Nf3 Nf6 2. c4 e6 3. Nc3 d5 4.
d4 a6 5. cxd5 exd5 6. Bg5 Be6 7.
e3 Nbd7 8. Bd3 h6 9. Bh4 Bd6 10. O-O O-O 11. Qc2 c6 12. Bg3 Qb8 13. b4 Bxg3 14.
hxg3 Qd6 15. Na4 Bg4 16. Nd2 b6 17. Rab1 Rfc8 18. Rfc1 b5 19. Nc5 Nxc5 20. dxc5 Qd7 21. Nb3 Re8 22. Re1 Qc7 23. Ra1 Bh5 24. a4 Rad8 25.
Nd4 Ne4 26. axb5 axb5 27. Bxe4 Rxe4 28. Ra6 Rde8 29. Rxc6 Qe7 30. Ra1 Bg6 31. Qd2 Qe5 32.
Rca6 Kh7 33. Ra8 Rxa8 34. Rxa8 h5 35. c6 h4 36. Nf3 Qd6 37. Nxh4 Qxc6 38. Ra1 Rc4 39.
Rd1 Bc2 40. Rc1 f6 41. Nf3 Be4 42. Rd1 Rc2 43. Qd4 Rc4 44. Qd2 Qd6 45. Nd4 Qxb4 46. Qe2 Bg6 47. Qf3 Qa4 48. Re1 b4 49. Qxd5 b3 50. Ne6 Qb4 51. Rd1 b2 52. Qd8 Rc1 53. Kh2 Rxd1 54. Qc7 Rh1+ 55. Kxh1 b1=Q+ 56. Kh2 Qb7 57. Qf4 Qf5 58. Nf8+ Kg8 59. Qd6 Qh5+ 60. Kg1 Qb1+ 0-1

[Event "*** Titled Tuesday Blitz"]
[Site "Chess.com"]
[Date "2018.05.01"]
[Round "8"]
[White "Arystanner23"]
[Black "StoreySniper"]
[Result "0-1"]
[WhiteElo "2381"]
[BlackElo "2365"]
[TimeControl "180+2"]
[EndTime "14:51:24 PDT"]
[Termination "StoreySniper won by resignation"]

1. b3 g6 2. Bb2 Nf6 3. Bxf6 exf6 4. d4 d5 5. g3 h5 6. h4 f5 7. Bg2 Be6 8. e3 Nd7 9. Ne2 Nf6 10. Nd2 Bh6 11.
c4 Ng4 12. Qc2 Bxe3 13. fxe3 Nxe3 14. Qd3 Nxg2+ 15. Kf2 dxc4 16. bxc4 b5 17. Kxg2 bxc4 18. Qe3 O-O 19. Nf4 Bd5+ 20. Nxd5 Qxd5+ 21. Nf3 Rae8 22. Qf2 f4 23. gxf4 Re4 24. Kg3 Qf5 25. Nh2 c5 26.
dxc5 Rd8 27. Rad1 Rd3+ 28. Rxd3 cxd3 29. Rd1 Re2 30. Qd4 Re4 31. Qd6 Re3+ 32. Kf2 Re2+ 33. Kg3 Re3+ 34. Kf2 Re2+ 35. Kg1 Qe4 36. Qd8+ Kh7 37.
Qg5 Qe3+ 38. Kh1 d2 39. Qd5 Re1+ 40. Kg2 Qe2+ 41. Kh3 Qe3+ 42. Nf3 Rxd1 43. Qxf7+ Kh8 44. Qf8+ Kh7 45. Qf7+ Kh8 46. Qf6+ Kg8 47. Qxg6+ Kf8 48. Qd6+ Ke8 49. Qb8+ Kf7 50. Qb7+ Kf6 51. Qb2+ Kf5 52. Qc2+ Kxf4 53. Qc4+ Kxf3 54. Qf7+ Ke2+ 55. Kh2 Qg1+ 56. Kh3 Qf1+ 57. Kg3 Qxf7 0-1

[Event "*** Titled Tuesday Blitz"]
[Site "Chess.com"]
[Date "2018.05.01"]
[Round "8"]
[White "Zaven_ChessMood"]
[Black "bascheyaro"]
[Result "1-0"]
[WhiteElo "2856"]
[BlackElo "2664"]
[TimeControl "180+2"]
[EndTime "14:51:38 PDT"]
[Termination "Zaven_ChessMood won by resignation"]

1. e4 e6 2. d3 d5 3. Nd2 c5 4. Ngf3 Nc6 5. g3 Bd6 6. Bg2 Nge7 7. O-O O-O 8. Re1 b5 9. h4 Bb7 10. h5 h6 11. e5 Bc7 12. Nf1 d4 13. g4 Nd5 14. Ng3 f6 15. exf6 Qxf6 16. Ne4 Qe7 17. g5 Nf4 18. Bxf4 Rxf4 19. gxh6 gxh6 20. Qe2 Kh8 21. Ng3 Nd8 22. Ne5 Bxe5 23. Qxe5+ Qf6 24. Qxf6+ Rxf6 25. Re5 Rc8 26. Rae1 Bxg2 27. Kxg2 Rc6 28.
Ne4 Rf5 29. Rxf5 exf5 30. Ng3 Kg7 31. Nxf5+ Kf6 32. Ng3 Ne6 33. Ne4+ Kf5 34. Rh1 c4 35. Kf3 cxd3 36. cxd3 Rc2 37. Nd6+ Ke5 38. Nf7+ Kf6 39. Nxh6 Ng5+ 40. Kg3 Rd2 41. Ng4+ Kf5 42. Nh6+ Kf6 43. Kf4 Rxf2+ 44. Kg3 Rd2 45. Rf1+ Ke6 46. Kf4 Nh3+ 47.
Ke4 Nf2+ 48. Kxd4 Rxd3+ 49. Kc5 Rd5+ 50. Kc6 Rxh5 51. Rxf2 Rxh6 52. Re2+ Kf7+ 53. Kxb5 Rh4 54. b4 Rh6 55. Ka5 Rb6 56. b5 Kf6 57. a4 Rd6 58. Rc2 Rd7 59. Re2 Rd6 60. Re8 Kf7 61. Ra8 Rd7 62. Ka6 Ke6 63. Rxa7 Rd5 64. a5 Kd6 65. b6 Kc6 66. Rc7+ Kd6 67. Rc8 Kd7 68. b7 Rd6+ 69. Ka7 1-0

[Event "*** Titled Tuesday Blitz"]
[Site "Chess.com"]
[Date "2018.05.01"]
[Round "8"]
[White "michaelq2d5"]
[Black "DanielNaroditsky"]
[Result "1-0"]
[WhiteElo "2718"]
[BlackElo "2801"]
[TimeControl "180+2"]
[EndTime "14:51:42 PDT"]
[Termination "michaelq2d5 won by resignation"]

1. d4 Nf6 2. c4 g6 3. Nc3 Bg7 4. e4 d6 5. Nf3 O-O 6. Be2 e5 7. Be3 exd4 8. Nxd4 Re8 9. f3 c6 10. Bf2 Nbd7 11. O-O Nh5 12. Qd2 Be5 13. g3 Nc5 14.
Rad1 Bh3 15. Rfe1 Qf6 16. Bf1 Bxf1 17. Rxf1 Qe7 18. Rfe1 Rad8 19. Nc2 Qf6 20. Kg2 Ng7 21. Be3 Nge6 22. h4 h5 23. Nd4 Qg7 24. Nxe6 Nxe6 25.
f4 Bf6 26. Bxa7 Nc5 27. Bb6 Ra8 28. e5 Bd8 29. Bxc5 dxc5 30. Ne4 Ba5 31. Qd7 Red8 32. Qe7 Qf8 33. Rxd8 Rxd8 34. Qxf8+ Kxf8 35. Re2 Rd4 36.
Nxc5 Rxc4 37. Nxb7 Bb6 38. Nd6 Rc1 39. Ne4 Ke7 40.
Ng5 Bd4 41. b3 c5 42. Nf3 Bc3 43. Ng5 Bd4 44. Kf3 Rc3+ 45. Kg2 Rc1 46. Rd2 Rg1+ 47. Kh2 Ra1 48. Nf3 Bc3 49. Rc2 Bb4 50. Ng5 Rd1 51.
Ne4 Ke6 52. Nd6 f6 53. Nc4 fxe5 54. Re2 Ra1 55. Rxe5+ Kf6 56. Re2 Kf5 57. Ne3+ Kf6 58. Nd5+ Kf5 59. Kg2 Re1 60. Rxe1 Bxe1 61. Kf3 Ke6 62.
Ne3 Kd6 63. f5 Ke5 64. fxg6 Kf6 65. Nd5+ Kxg6 66. Nf4+ Kf5 67. Nd3 Bb4 68. Nxb4 cxb4 69. g4+ hxg4+ 70. Kg3 Ke4 71. h5 Kd3 72. h6 Kc2 73. h7 Kb2 74. h8=Q+ Kxa2 75. Qg8 1-0

[Event "*** Titled Tuesday Blitz"]
[Site "Chess.com"]
[Date "2018.05.01"]
[Round "8"]
[White "nau64"]
[Black "el-reptiliano"]
[Result "1-0"]
[WhiteElo "2154"]
[BlackElo "1715"]
[TimeControl "180+2"]
[EndTime "14:51:54 PDT"]
[Termination "nau64 won on time"]

1. d4 d5 2. c4 dxc4 3. e4 e5 4.
Nf3 exd4 5. Bxc4 Nc6 6. O-O Be6 7.
Bxe6 fxe6 8. Qb3 Qd7 9. Qxb7 Rb8 10. Qa6 Bd6 11. e5 Nxe5 12. Nxe5 Bxe5 13. Re1 Bd6 14. Qxa7 c5 15. Qa6 Nf6 16. Qc4 Nd5 17. g3 O-O 18. Nd2 Rb4 19. Qe2 e5 20. Nc4 e4 21. Qxe4 Qf7 22. Nxd6 Qxf2+ 23. Kh1 Ne3 24. Bxe3 dxe3 25.
Qxe3 Rxb2 26. Qxf2 Rbxf2 27. Kg1 Rd2 28. Ne4 Rc2 29.
a4 c4 30. a5 Rb8 31. a6 Rcb2 32. a7 Ra8 33. Reb1 Rxb1+ 34. Rxb1 Rxa7 35. Rc1 Rc7 36.
Kf2 Kf7 37. Ke3 Ke6 38. Kd4 Rd7+ 39. Ke3 Rc7 40. Rc2 Ke5 41. Nd2 Kd5 42. Ne4 Ke5 43.
Rc3 Rc8 44. Nd2 Kd5 45. Nf3 Re8+ 46. Kf4 Rf8+ 47. Ke3 Re8+ 48. Kd2 Rb8 49. Kc2 Re8 50. Kd2 Rb8 51. Rc2 Rb3 52. Ng5 Rd3+ 53. Ke2 h6 54. Nf3 Ra3 55. Rd2+ Kc6 56. Rd4 Kc5 57. Rd7 Ra2+ 58.
Ke3 Ra3+ 59. Ke4 g5 60. g4 Kb4 61. Rc7 c3 62. Nd4 Ra8 63. Kf5 Rd8 64. Nc6+ Kb3 65. Nxd8 c2 66. Kg6 c1=Q 67. Rxc1 Kb2 68. Rc6 1-0

[Event "*** Titled Tuesday Blitz"]
[Site "Chess.com"]
[Date "2018.05.01"]
[Round "8"]
[White "51616516516"]
[Black "NormWeinstein"]
[Result "0-1"]
[WhiteElo "2173"]
[BlackElo "2333"]
[TimeControl "180+2"]
[EndTime "14:51:55 PDT"]
[Termination "NormWeinstein won on time"]

1. d4 Nf6 2. c4 g6 3. Nf3 Bg7 4. g3 O-O 5. Bg2 d6 6. O-O Nc6 7. Nc3 a6 8. Re1 Rb8 9. Rb1 b5 10. cxb5 axb5 11. b4 e5 12. d5 Ne7 13.
e4 h6 14. Bf1 Bd7 15. Qc2 c6 16. Qd1 cxd5 17. exd5 Qb6 18. Bg2 Rfc8 19. Bb2 Nf5 20. Nd2 Nd4 21. Nb3 Rc4 22. a3 Rbc8 23. Ne2 Nxb3 24.
Qxb3 Bf5 25. Rbc1 Be4 26. Bxe4 Nxe4 27. Qe3 Qxe3 28. fxe3 Nf6 29. Rxc4 Rxc4 30. Nc3 Bf8 31. e4 h5 32. Kf2 Bh6 33. Re2 Ng4+ 34. Kg2 f5 35. h3 Ne3+ 36. Kf3 fxe4+ 37. Nxe4 Nf5 38. g4 hxg4+ 39. hxg4 Ne7 40. Nxd6 Rf4+ 41. Kg2 Rxg4+ 42. Kh3 Rg5 43. Bxe5 Nxd5 44. Nxb5 Rh5+ 45. Kg3 Ne3 46. Bf4 Nf5+ 47. Kg4 Rh4+ 48. Kf3 Rxf4+ 49. Kg2 Nd4 50. Nxd4 Rxd4 51. Ra2 Bf8 52. Kf3 Kg7 53. Ke3 Rh4 54. Kd3 g5 55. b5 Rh3+ 56. Ke4 Rxa3 57. Rg2 Kg6 58. Rb2 Bd6 59. b6 Ra8 60. b7 Rb8 61. Kd5 Bf4 62. Kc6 Kh5 63. Rf2 Kg4 64.
Rf1 Kf5 65. Kb6 g4 66. Ka7 Rg8 0-1

[Event "*** Titled Tuesday Blitz"]
[Site "Chess.com"]
[Date "2018.05.01"]
[Round "8"]
[White "Kimster98"]
[Black "MikaelyanArman"]
[Result "1/2-1/2"]
[WhiteElo "2533"]
[BlackElo "2622"]
[TimeControl "180+2"]
[EndTime "14:52:04 PDT"]
[Termination "Game drawn - insufficient material"]

1. Nf3 d5 2. b4 Bg4 3. e3 e5 4.
Be2 Bxf3 5. Bxf3 e4 6. Be2 Bxb4 7. c4 dxc4 8. Qa4+ Nc6 9. Bxc4 Nf6 10. Bb5 Qd6 11. Ba3 Bxa3 12. Bxc6+ bxc6 13. Nxa3 O-O 14. Nc4 Qd5 15. O-O h5 16. Rfd1 h4 17. h3 Rfe8 18.
Na5 Re6 19. Rac1 c5 20. Nb3 Nd7 21. Qc4 Qg5 22. Nxc5 Nxc5 23. Qxc5 Qg6 24. Qxc7 Rd6 25. Rc4 Rad8 26. Qxa7 Rd5 27. Rd4 Rxd4 28. exd4 Kh7 29. Qc5 Qf6 30. Qh5+ Kg8 31. d5 g6 32. Qg4 Re8 33.
d6 Qxd6 34. Qxh4 Qd3 35. Qf4 Ra8 36. Re1 Ra4 37. Qe3 Qc2 38. Qb3 Qxd2 39. Qxa4 Qxe1+ 40. Kh2 Qxf2 41. Qxe4 Qxa2 42. Qe8+ Kg7 43. Qe5+ Kg8 44. Qe8+ Kg7 45. Qe5+ Kh7 46. Qf6 Qd5 47. Qh4+ Kg7 48. Qf4 f6 49. Qc7+ Kh6 50. Qf4+ Kg7 51. Qc7+ Qf7 52. Qxf7+ Kxf7 53. Kg3 Ke6 54. Kf4 g5+ 55. Kg4 Ke5 56. g3 Ke6 57. Kh5 Kf7 58. Kh6 Kf8 59. Kg6 Ke7 60. g4 Ke6 61. Kg7 Ke7 62.
Kg6 Ke6 63. Kh6 Kf7 64. Kh7 f5 65. gxf5 Kf6 66. Kh6 Kxf5 67. Kh5 Kf4 68. Kg6 g4 69. hxg4 Kxg4 1/2-1/2